 Dungeon Crawl Stone Soup version 0.28-a0-732-g75e6d9beac (webtiles) character file.

Game seed: 506385308916826527

221 Jannitor the Skirmisher (level 6, -9/47 HPs)
             Began as a Djinni Chaos Knight on Oct 29, 2021.
             Was a Plaything of Xom.
             Mangled by a gnoll (10 damage)
             ... on level 4 of the Dungeon.
             The game lasted 00:04:41 (4066 turns).

Jannitor the Skirmisher (Djinni Chaos Knight)       Turns: 4066, Time: 00:04:41

Health: -9/47      AC:  3    Str: 11    XL:     6   Next: 19%
Gold:   141        EV: 12    Int: 14    God:    Xom [*.....] SH:  0 Dex: 10

rFire   + + .      SeeInvis .   a - +1 short sword (chaos)
rCold   x . .      Faith    .   (no shield)
rNeg    + . .      Spirit   .   e - +2 robe {rN+}
rPois   ∞          Reflect  .   (helmet restricted)
rElec   .          Harm     .   (no cloak)
rCorr   .          Rampage  .   (no gloves)
Will    .....                   (boots unavailable)
Stlth   ++........              (no amulet)
HPRegen 0.15/turn               (no ring)
MPRegen 0.00/turn               (no ring)

@: flying, very slightly contaminated, unable to read
A: sickness immunity, fire resistance 2, cold vulnerability 1, float, innate
caster, hp casting, extra vitality 1, horns 1, clumsy 1, deformed body, dopey 1,
wild magic 1, inability to read while threatened
a: Renounce Religion


You were on level 4 of the Dungeon.
You worshipped Xom.
You were a special plaything of Xom.
You visited 1 branch of the dungeon, and saw 4 of its levels.

You collected 141 gold pieces.

Inventory:

Hand Weapons
 a - a +1 short sword of chaos (weapon)
Missiles
 k - 8 poisoned darts (quivered)
Armour
 b - a +2 leather armour
 e - a +2 robe of positive energy (worn)
Scrolls
 c - 2 scrolls of identify {unknown}
 d - 3 scrolls of enchant weapon
 f - a scroll of acquirement {unknown}
 h - a scroll of noise {unknown}
 j - 5 scrolls of teleportation
 l - a scroll of magic mapping {unknown}
 m - a scroll of brand weapon {unknown}
Potions
 g - a potion of flight
 p - 2 potions of cancellation {unknown}


   Skills:
 + Level 3.9 Fighting
 + Level 3.5 Short Blades
 - Level 1.0 Armour
 + Level 3.6 Dodging
 + Level 2.1 Stealth
 * Level 1.1 Spellcasting


You had 4 spell levels left.
You knew the following spells:

 Your Spells              Type           Power      Damage    Failure   Level
a - Freeze                Ice            20%        1d4       22%         1
b - Scorch                Fire           10%        2d5       32%         2
Your spell library was empty.

Dungeon Overview and Level Annotations

Branches:
Dungeon (4/15)
 Temple: D:4-7

Altars:
Dithmenos
Kikubaaqudgha
Nemelex Xobeh
Okawaru
Uskayaw


Innate Abilities, Weirdness & Mutations

You are immune to sickness and miasma.
You are immune to poison.
Your flesh is very heat resistant. (rF++)
You are vulnerable to cold. (rC-)
You float through the air rather than walking.
You learn spells naturally, not from books.
Your magical power is your life essence.
You have superior vitality. (+4 HP)
You have a pair of small horns on your head.
You are clumsy. (Dex -2)
Armour fits poorly on your strangely shaped body.
You are dopey. (Int -2)
Your spells are a little harder to cast, but a little more powerful.
You sometimes lose the ability to read scrolls when taking damage.


Message History

You closely miss the gnoll.
The gnoll is almost dead.
A gnoll comes into view.
It is wielding a +1 flail of protection.
The gnoll hits you with a +0 flail.
You hit the gnoll. Lightning courses through the gnoll!
You kill the gnoll!
You feel your intelligence returning.
Things that are here:
a +0 flail; a gnoll corpse
Casting: Scorch (dangerous; 32% risk of failure)
Confirm with . or Enter, or press ? or * to list all spells.
Flames lash the gnoll.
The gnoll is moderately wounded.
The gnoll's fire resistance burns away.
The gnoll hits you with a +1 flail of protection!
You closely miss the gnoll.
The gnoll is moderately wounded.
The gnoll barely misses you.
You hit the gnoll.
The gnoll goes berserk!
The gnoll is heavily wounded.
The gnoll misses you.
The gnoll hits you with a +1 flail of protection!
You feel threatened and lose the ability to read scrolls!
You are too injured to fight recklessly!
You are too injured to fight recklessly!
Casting: Scorch (dangerous; 32% risk of failure)
Confirm with . or Enter, or press ? or * to list all spells.
Flames lash the gnoll.
The gnoll is burned terribly!
The gnoll is severely wounded.
The gnoll closely misses you.
Casting: Scorch (dangerous; 32% risk of failure)
Confirm with . or Enter, or press ? or * to list all spells.
You miscast Scorch.
You are very lightly contaminated with residual magic.
Nothing appears to happen.
The gnoll is no longer more vulnerable to fire.
The gnoll hits you with a +1 flail of protection!
* * * LOW HITPOINT WARNING * * *
The gnoll hits you with a +1 flail of protection!
You die...

#.....##########
##..<.##.......#
#.##....##...)...#
#................#
#................#
#................#
##########.......#
....##.g.....#
.......@.....#
.............#
.............#
....##.......#
#### #.......#
...........#
...........#
............#
............#


You could see a gnoll (berserk).

Vanquished Creatures
  An orc priest (D:3)
  A hound (D:3)
  Jessica (D:2)
  An orc wizard (D:3)
  A hound skeleton (D:4)
  A gnoll (D:4)
  3 adders (D:3)
  A worm (D:3)
  5 orcs
  4 endoplasms
  4 giant cockroaches
  5 goblins
  A hobgoblin (D:1)
  2 kobolds
  2 quokkas (D:1)
  7 ball pythons
  11 bats
  5 frilled lizards
  5 rats
61 creatures vanquished.

Notes
Turn   | Place    | Note
-------+----------+-------------------------------------------
     0 | D:1      | Jannitor the Djinni Chaos Knight began the quest for the
                  | Orb.
     0 | D:1      | Reached XP level 1. HP: 20/20 MP: 0/0
   173 | D:1      | Reached XP level 2. HP: 22/25 MP: 0/0
   212 | D:1      | XOM: 7-stop teleportation journey
   282 | D:1      | XOM: silly message
   393 | D:1      | Reached XP level 3. HP: 30/30 MP: 0/0
   393 | D:1      | Learned a level 1 spell: Freeze
   398 | D:1      | XOM: silly message
   861 | D:2      | Reached skill level 1 in Stealth
   867 | D:2      | Noticed Jessica
   883 | D:2      | XOM: butterfly on damage
   891 | D:2      | Killed Jessica
   892 | D:2      | Reached XP level 4. HP: 7/35 MP: 0/0
  1072 | D:2      | XOM: 1-stop teleportation journey
  1340 | D:2      | Found a faded altar of an unknown god.
  1460 | D:2      | XOM: silly message
  1828 | D:2      | XOM: give mutations
  1828 | D:2      | Gained mutation: You are clumsy. (Dex -2) [Xom's mischief]
  1828 | D:2      | Gained mutation: You sometimes lose the ability to read
                  | scrolls when taking damage. [Xom's mischief]
  1907 | D:3      | Found a sparkling altar of Nemelex Xobeh.
  1907 | D:3      | Found a hide-covered altar of Uskayaw.
  1907 | D:3      | Found an iron altar of Okawaru.
  1907 | D:3      | Found a shadowy altar of Dithmenos.
  2084 | D:3      | XOM: god gift: 21 bolts
  2435 | D:3      | Reached XP level 5. HP: 27/41 MP: 0/0
  2435 | D:3      | Learned a level 2 spell: Scorch
  2447 | D:3      | XOM: god gift: inky potion {god gift}
  2513 | D:3      | XOM: noise
  2659 | D:3      | XOM is BORED!
  2659 | D:3      | XOM: give mutations
  2659 | D:3      | Gained mutation: Your mind is acute. (Int +2) [Xom's
                  | mischief]
  2659 | D:3      | Gained mutation: You are very clumsy. (Dex -4) [Xom's
                  | mischief]
  2894 | D:3      | XOM: scenery: 1 doors open, 1 doors close
  2995 | D:3      | XOM: give mutations
  2995 | D:3      | Lost mutation: Your mind is acute. (Int +2) [Xom's
                  | mischief]
  2995 | D:3      | Gained mutation: Armour fits poorly on your strangely
                  | shaped body. [Xom's mischief]
  3152 | D:3      | XOM: cleaving
  3288 | D:3      | XOM: give mutations
  3288 | D:3      | Gained mutation: You are weak. (Str -2) [Xom's mischief]
  3288 | D:3      | Lost mutation: You are very clumsy. (Dex -4) [Xom's
                  | mischief]
  3288 | D:3      | Gained mutation: You are dopey. (Int -2) [Xom's mischief]
  3506 | D:3      | XOM: stat loss: -1 Int (12/13)
  3519 | D:3      | XOM: noise
  3520 | D:3      | XOM: give mutations
  3520 | D:3      | Gained mutation: You have a pair of small horns on your
                  | head. [Xom's grace]
  3520 | D:3      | Gained mutation: Your spells are a little harder to cast,
                  | but a little more powerful. [Xom's grace]
  3520 | D:3      | Lost mutation: You are weak. (Str -2) [Xom's grace]
  3783 | D:3      | XOM: blink monster(s)
  3813 | D:3      | Reached skill level 1 in Spellcasting
  3813 | D:3      | Reached XP level 6. HP: 27/47 MP: 0/0
  4066 | D:4      | HP: 1/47 [gnoll (15)]
  4066 | D:4      | Mangled by a gnoll

Illustrated notes

Levels and vault maps discovered:
D:1:      erik_arrival_orb_chamber, layout_rooms
D:2:      layout_basic, shapermc_ecumenical_altar_mp_highgroup, minivault_27,
          uniq_jessica
D:3:      layout_basic, nicolae_kikubaaqudgha_miasma_corner,
          mainiacjoe_overflow_alcove_3, minmay_vboxes
D:4:      layout_gridville, minmay_temple_entry_antechambers

Skill      XL: |  1  2  3  4  5 |
---------------+----------------+-----
Short Blades   | 3 |  3.5
Stealth        | 1 2 |  2.1
Dodging        | 3 |  3.6
Spellcasting   | 1 |  1.1
Fighting       | |  3.9
Armour         | |  1.0

Action                   |  1- 3 |  4- 6 || total
-------------------------+-------+-------++-------
Melee: Short sword       |    76 |   124 ||   200
       Headbutt          |       |     3 ||     3
 Cast: Freeze            |     2 |       ||     2
       Scorch            |       |    10 ||    10
  Use: Scroll            |     1 |     1 ||     2
       Potion            |     1 |     5 ||     6
 Stab: Sleeping          |     1 |     4 ||     5
       Distracted        |       |     1 ||     1
Armor: Leather armour    |    19 |       ||    19
       Robe              |       |    25 ||    25
       Skin              |       |    10 ||    10
Dodge: Dodged            |    43 |    61 ||   104

Table legend: (Time is in decaauts)
 A = Elapsed time spent in this place.
 B = Non-inter-level travel time spent in this place.
 C = Inter-level travel time spent in this place.
 D = Time resting spent in this place.
 E = Time spent auto-exploring this place.
 F = Levels seen in this place.
 G = Mean time per level.
                   A        B        C        D        E       F      G
               +--------+--------+--------+--------+--------+-----+--------+
         Total |   4062 |   3798 |    264 |   1071 |   2194 |   4 | 1015.5 |
       Dungeon |   4062 |   3798 |    264 |   1071 |   2194 |   4 | 1015.5 |
               +--------+--------+--------+--------+--------+-----+--------+

Top non-repeatable levels by time:
     D:3: 1711 daAuts
     D:2: 1463 daAuts
     D:1: 779 daAuts
     D:4: 108 daAuts
